 Dungeon Crawl Stone Soup version 0.30-a0-937-ga0a21ad780 (webtiles) character file.

Game seed: 12354347835506630750

135 mopl the Sneak (level 4, -9/33 HPs)
             Began as a Draconian Enchanter on Mar 24, 2023.
             Killed by divine providence
             ... invoked by an orc priest
              (13 damage)
             ... on level 3 of the Dungeon.
             The game lasted 00:03:52 (3085 turns).

mopl the Sneak (Draconian Enchanter)                Turns: 3085, Time: 00:03:53

Health: -9/33      AC:  5    Str: 10    XL:     4   Next: 97%
Magic:  2/8        EV: 12    Int: 18    God:
Gold:   212        SH:  0    Dex: 11    Spells: 0/8 levels left

rFire   . . .      SeeInvis .    a - +1 dagger
rCold   + . .      Faith    .    (no shield)
rNeg    + . .      Spirit   .    (body armour unavailable)
rPois   .          Reflect  .    (helmet restricted)
rElec   .          Rampage  .    (no cloak)
rCorr   .                        (no gloves)
Will    .....                    (no boots)
Stlth   ++                       (no amulet)
HPRegen 0.25/turn                f - ring of protection from cold
MPRegen 0.11/turn                g - ring of positive energy

@: no status effects
A: AC +5, unfitting armour, cold-blooded
a: no special abilities


You were on level 3 of the Dungeon.
You visited 1 branch of the dungeon, and saw 4 of its levels.

You collected 212 gold pieces.

Inventory:

Hand Weapons
 a - a +1 dagger (weapon)
Missiles
 d - 3 poisoned darts
 r - a boomerang
Armour
 l - a +0 kite shield
Jewellery
 f - a ring of protection from cold (left hand)
 g - a ring of positive energy (right hand)
Scrolls
 c - 3 scrolls of silence {unknown}
 e - 2 scrolls of torment {unknown}
 h - a scroll of teleportation {unknown}
 j - a scroll of vulnerability {unknown}
 m - 2 scrolls of immolation {unknown}
 o - a scroll of amnesia {unknown}
 p - a scroll of fear {unknown}
 q - a scroll of noise {unknown}
 t - a scroll of identify {unknown}
 u - a scroll of magic mapping {unknown}
Potions
 b - 2 potions of invisibility
 i - a potion of heal wounds
 k - a potion of might {unknown}
 n - 2 potions of curing {unknown}
 s - a potion of ambrosia {unknown}
 v - a potion of mutation {unknown}


   Skills:
 + Level 2.4 Short Blades
 - Level 1.7 Dodging
 + Level 3.5 Stealth
 + Level 1.1 Shields
 + Level 2.8 Spellcasting
 + Level 3.3 Hexes


You couldn't memorise any spells.
You knew the following spells:

 Your Spells              Type           Power      Damage    Failure   Level
b - Ensorcelled Hibernat  Hex/Ice        16%        N/A       13%         2
c - Confusing Touch       Hex            14%        N/A       13%         3
d - Tukima's Dance        Hex            14%        N/A       13%         3

Your spell library contained the following spells:

 Spells                   Type           Power      Damage    Failure   Level
 Static Discharge         Conj/Air       4%         2-3/arc   26%         2
 Dazzling Flash           Conj/Hex       16%        N/A       26%         3
 Vhi's Electric Charge    Tloc/Air       4%         N/A       45%         3
 Arcjolt                  Conj/Air       1%         1d11      99%         5
 Plasma Beam              Fire/Air       1%         2x1d12    99%         5


Dungeon Overview and Level Annotations

Branches:
Dungeon (4/15)
 Temple: D:4-7

Altars:
Vehumet
Wu Jian


Innate Abilities, Weirdness & Mutations

Your plain brown scales are hard. (AC +5)
You cannot fit into any form of body armour.
You are cold-blooded and may be slowed by cold attacks.


Message History

You hit the orc priest.
The orc priest is moderately wounded.
The orc priest hits you with a +0 flail!
Your magical contamination has completely faded away.
You hit the orc priest.
The orc priest is moderately wounded.
The orc priest barely misses you.
You hit the orc priest.
The orc priest is heavily wounded.
The orc priest hits you with a +0 flail.
You hit the orc priest.
The orc priest is severely wounded.
The orc priest hits you but does no damage.
You barely miss the orc priest.
Your tail-slap misses the orc priest.
The orc priest is severely wounded.
You hit the orc priest but do no damage.
The orc priest is severely wounded.
The orc priest hits you with a +0 flail.
You hit the orc priest but do no damage.
The orc priest is severely wounded.
The orc priest barely misses you.
You closely miss the orc priest.
The orc priest is severely wounded.
The orc priest looks encouraged for a moment.
You hit the orc priest but do no damage.
The orc priest is severely wounded.
The orc priest invokes the aid of Beogh against you.
Beogh smites you!
* * * LOW HITPOINT WARNING * * *
You hit the orc priest.
The orc priest is almost dead.
The orc priest misses you.
You barely miss the orc priest.
The orc priest is almost dead.
The orc priest miscasts a cantrip.
You closely miss the orc priest.
The orc priest is almost dead.
The orc priest calls down the wrath of Beogh upon you.
Beogh smites you!
You die...

#.####..<..#..##.#####..##.....##
#.####...###..##.# #..####.....
........).....##.# #........###
.######.......##.# #..####### .#
#...######.#####..######### .#
#...#### #........#.......#
.######...##.######.###.#.......#
.##...........#####.##..........#
.).............(@...............#
.##...........##o.#.##..........#
..###........###..#.##..#.......#
#.# #.#...#.## #..#..#..#.......#
#.###.#...#.# #..##.#..#########
#.##......#.# #........#....####
..#.........# #####.####.......#
.###...###### ###.####..#.##.# ##
##.## #.....##..#.##.#


You could see an orc priest.

Vanquished Creatures
  2 orc wizards
  A dart slug (D:2)
  8 orcs
  9 ball pythons
  4 endoplasms
  2 giant cockroaches
  11 goblins
  5 hobgoblins
  4 jackals (D:2)
  4 quokkas
  7 bats
  4 frilled lizards
  5 kobolds
  2 rats
68 creatures vanquished.

Notes
Turn   | Place    | Note
-------+----------+-------------------------------------------
     0 | D:1      | mopl the Draconian Enchanter began the quest for the Orb.
     0 | D:1      | Reached XP level 1. HP: 14/14 MP: 3/3
   153 | D:1      | Reached XP level 2. HP: 20/20 MP: 5/5
   156 | D:1      | Learned a level 2 spell: Ensorcelled Hibernation
   366 | D:1      | Reached skill level 3 in Stealth
   565 | D:1      | Reached skill level 3 in Hexes
   617 | D:1      | Reached XP level 3. HP: 24/26 MP: 6/6
   621 | D:1      | Learned a level 3 spell: Confusing Touch
  1247 | D:2      | Found a faded altar of an unknown god.
  1794 | D:3      | Reached skill level 2 in Short Blades
  1878 | D:4      | HP: 1/26 [something (2)]
  1891 | D:4      | HP: 1/26 [something/puff of flame (11)]
  1915 | D:4      | Reached XP level 4. HP: 12/33 MP: 0/7
  2103 | D:4      | Noticed a phantom
  2256 | D:2      | Learned a level 3 spell: Tukima's Dance
  2448 | D:3      | Reached skill level 1 in Shields
  2701 | D:3      | Found a radiant altar of Vehumet.
  2701 | D:3      | Found an ornate altar of the Wu Jian Council.
  3085 | D:3      | Killed from afar by an orc priest

Illustrated notes

Levels and vault maps discovered:
D:1:      amcnicky_arrival_feature_with_door, layout_loops_ring
D:2:      layout_basic, hellmonk_ecumenical_altar_dog_temple
D:3:      layout_loops_cross, nicolae_overflow_two_pavilions
D:4:      nicolae_cairo_tiling_very_big, layout_basic, serial_shops, shop_statue

Skill      XL: |  1  2  3  4 |
---------------+-------------+-----
Stealth        | 3 |  3.5
Hexes          | 3 |  3.3
Short Blades   | 2 |  2.4
Shields        | 1 |  1.1
Dodging        | |  1.7
Spellcasting   | |  2.8

Action                     |  1- 3 |  4- 6 || total
---------------------------+-------+-------++-------
  Melee: Dagger            |   179 |    88 ||   267
         Tailslap          |    16 |     9 ||    25
         Punch             |     1 |     3 ||     4
   Cast: Ensorcelled Hiber |     3 |    15 ||    18
    Use: Potion            |     2 |       ||     2
   Stab: Sleeping          |    10 |     8 ||    18
 Armour: Skin              |    49 |    26 ||    75
  Dodge: Dodged            |   111 |    63 ||   174

Table legend: (Time is in decaauts)
 A = Elapsed time spent in this place.
 B = Non-inter-level travel time spent in this place.
 C = Inter-level travel time spent in this place.
 D = Time resting spent in this place.
 E = Time spent auto-exploring this place.
 F = Levels seen in this place.
 G = Mean time per level.
                   A        B        C        D        E       F      G
               +--------+--------+--------+--------+--------+-----+--------+
         Total |   3073 |   2978 |     95 |    517 |   1805 |   4 |  768.2 |
       Dungeon |   3073 |   2978 |     95 |    517 |   1805 |   4 |  768.2 |
               +--------+--------+--------+--------+--------+-----+--------+

Top non-repeatable levels by time:
     D:2: 1075 daAuts
     D:1: 984 daAuts
     D:3: 744 daAuts
     D:4: 268 daAuts
